 Dungeon Crawl Stone Soup version 0.31-a0-217-g58bb5d79cf (webtiles) character file.

Game seed: 16674365439568811125

106 qw the Chopper (level 4, -2/28 HPs)
             Began as a Gargoyle Fighter on July 2, 2023.
             Killed from afar by an orc wizard (9 damage)
             ... with a puff of flame
             ... on level 3 of the Dungeon.
             The game lasted 00:00:51 (1979 turns).

qw the Chopper (Gargoyle Fighter)                   Turns: 1979, Time: 00:00:51

Health: -2/28      AC: 10    Str: 21    XL:     4   Next: 84%
Magic:  4/4        EV:  9    Int:  9    God:
Gold:   51         SH:  0    Dex:  9    Spells: 3/3 levels left

rFire   . . .        Y - +0 war axe
rCold   . . .        c - +0 buckler
rNeg    + . .        b - +0 scale mail
rPois   inf          (no helmet)
rElec   +            (no cloak)
rCorr   .            (no gloves)
SInv    .            (no boots)
Will    .....        (no amulet) Stlth
                     (no ring)
HPRegen 0.24/turn    (no ring)
MPRegen 0.09/turn

%: no passive effects
@: confused
A: sickness immunity, AC +3, negative energy resistance 1, electricity
resistance, torment resistance 1, petrification resistance
a: no special abilities


You were on level 3 of the Dungeon.
You visited 1 branch of the dungeon, and saw 3 of its levels.

You collected 147 gold pieces.
You spent 96 gold pieces at shops.


Innate Abilities, Weirdness & Mutations

You are immune to sickness and miasma.
Your stone body is resilient. (AC +3)
You are immune to poison.
You resist negative energy. (rN+)
You are resistant to electric shocks. (rElec)
You are resistant to unholy torment.
You are immune to petrification.


   Skills:
 - Level 3.2 Fighting
 + Level 4.4 Axes
 - Level 3.2 Armour
 - Level 3.2 Shields


You had 3 spell levels left.
You didn't know any spells.
Your spell library was empty.

Inventory:

Hand Weapons
 e - a +0 mace
 Y - a +0 war axe (weapon)
Armour
 b - a +0 scale mail (worn)
 c - a +0 buckler (worn)
Scrolls
 a - 3 scrolls of enchant armour
 f - a scroll of teleportation
Potions
 d - a potion of might
 j - a potion of berserk rage {unknown}
 l - a potion of enlightenment {unknown}

Dungeon Overview and Level Annotations

Branches:
Dungeon (3/15)

Altars:

Shops:
D:2 *

Annotations:
D:2 1 runed translucent door, Crazy Yiuf


Message History

Something hits you but does no damage.
Something hits you but does no damage. x2
Something hits you but does no damage. x2
You hear some strange, mumbled words.
A puff of flame appears from out of thin air!
The puff of flame hits you! Something hits you.
You hear some strange, mumbled words.
A puff of flame appears from out of thin air!
The puff of flame misses you. Something hits you but does no damage.
Something hits you.
You hear some strange, mumbled words.
Something tries to affect you, but you resist.
The orc priest mumbles some strange prayers to Beogh against you.
Beogh smites you!
1974 ||| DRINKING potion of heal wounds.
You feel much better.
You hear some strange, mumbled words.
You are more confused.
Something hits you but does no damage. Something hits you but does no damage.
You hear some strange, mumbled words.
Something tries to affect you, but you resist.
Something hits you but does no damage. x2
Something hits you but does no damage.
You hear some strange, mumbled words.
You are more confused.
The orc priest invokes the aid of Beogh against you.
Beogh smites you!
Ouch! That really hurt!
You hear some strange, mumbled words.
A magic dart appears from out of thin air!
The magic dart hits you.
You hear some strange, mumbled words.
Something tries to affect you, but you resist.
You hear some strange, mumbled words.
You are more confused.
You hear some strange, mumbled words.
A puff of flame appears from out of thin air!
The puff of flame hits you!
You die...

##############o#
.......o...oo..
.. #o# #. #{#
#.##..##@#####.#
#......<.{......
#.##..##.###....
#. #.# .. # #.#
... ###


You could see an orc priest and an orc.

Vanquished Creatures
  Jessica (D:2)
  Terence (D:2)
  2 worms (D:2)
  3 dart slugs
  An orc (D:3)
  6 ball pythons
  4 bats
  5 endoplasms
  4 giant cockroaches
  A hobgoblin (D:1)
  3 kobolds
  3 quokkas
  4 frilled lizards
  A goblin (D:1)
  5 rats
44 creatures vanquished.

Notes
Turn   | Place    | Note
-------+----------+-------------------------------------------
     0 | D:1      | qw the Gargoyle Fighter began the quest for the Orb.
     0 | D:1      | Reached XP level 1. HP: 14/14 MP: 1/1
     0 | D:1      | 0 ||| qw: Version: 0.3-a-40-ge99b1a8
     0 | D:1      | 0 ||| qw: Game counter: 238
     0 | D:1      | 0 ||| qw: Melee chars always use a shield: true
     0 | D:1      | 0 ||| qw: God list: Okawaru
     0 | D:1      | 0 ||| qw: Allow faded altars: false
     0 | D:1      | 0 ||| qw: Do Orc after clearing Dungeon:15 true
     0 | D:1      | 0 ||| qw: Do second Lair branch before Depths: true
     0 | D:1      | 0 ||| qw: Lair rune preference: random
     0 | D:1      | 0 ||| qw: Goals: Normal, Zot:1-4, Slime:5, God:TSO, Crypt,
                  | Tomb, Abyss, Pan, Hells, Win
     0 | D:1      | 0 ||| PLANNING D:1-11
    28 | D:1      | 28 ||| Stepping ~*~*~tactically~*~*~ (hiding).
    30 | D:1      | 30 ||| Stepping ~*~*~tactically~*~*~ (hiding).
    32 | D:1      | 32 ||| Stepping ~*~*~tactically~*~*~ (hiding).
    42 | D:1      | Reached skill level 2 in Axes
   150 | D:1      | Reached XP level 2. HP: 19/19 MP: 2/2
   270 | D:1      | Found a faded altar of an unknown god.
   390 | D:1      | 390 ||| Stepping ~*~*~tactically~*~*~ (stealth).
   400 | D:1      | 400 ||| Stepping ~*~*~tactically~*~*~ (stealth).
   608 | D:1      | Reached skill level 3 in Axes
   742 | D:1      | 742 ||| READING 4 scrolls labelled LAHOFA OVIRO.
   743 | D:1      | 743 ||| READING 2 scrolls labelled FILICU SINUM.
   746 | D:1      | 746 ||| READING scroll labelled NOUNEE JEVE.
   749 | D:2      | Found Immi's General Store.
   756 | D:2      | Reached XP level 3. HP: 23/23 MP: 3/3
   769 | D:2      | 769 ||| BUYING +0 mace (36 gold).
   769 | D:2      | Bought a +0 mace for 36 gold pieces
   769 | D:2      | 769 ||| SHOPLISTING +1 buckler of protection (198 gold,
                  | have 62).
   769 | D:2      | 769 ||| SHOPLISTING amulet of regeneration (360 gold, have
                  | 62).
   769 | D:2      | 769 ||| BUYING potion of heal wounds (60 gold).
   769 | D:2      | Bought a potion of heal wounds for 60 gold pieces
   769 | D:2      | 769 ||| SHOPLISTING potion of heal wounds (60 gold, have
                  | 2).
   769 | D:2      | 769 ||| SHOPLISTING scroll of identify (24 gold, have 2).
   998 | D:2      | 998 ||| Stepping ~*~*~tactically~*~*~ (stealth).
  1119 | D:2      | Found a runed translucent door.
  1120 | D:2      | Noticed Crazy Yiuf
  1217 | D:2      | Noticed Jessica
  1222 | D:2      | Killed Jessica
  1223 | D:2      | Reached skill level 4 in Axes
  1223 | D:2      | Reached XP level 4. HP: 13/28 MP: 4/4
  1446 | D:2      | Noticed Terence
  1463 | D:2      | Killed Terence
  1908 | D:2      | 1908 ||| DROPPING orb of guile.
  1909 | D:2      | 1909 ||| READING scroll labelled QIGONEMNAO.
  1910 | D:2      | 1910 ||| DRINKING 2 amethyst potions.
  1955 | D:3      | 1955 ||| Stepping ~*~*~tactically~*~*~ (hiding).
  1967 | D:3      | 1967 ||| DRINKING potion of curing.
  1967 | D:3      | 1967 ||| (to cure confusion)
  1973 | D:3      | HP: 4/28 [orc priest/divine providence (13)]
  1974 | D:3      | 1974 ||| DRINKING potion of heal wounds.
  1978 | D:3      | HP: 6/28 [something/magic dart (3)]
  1979 | D:3      | Killed from afar by an orc wizard

Levels and vault maps discovered:
D:1:      dpeg_arrival_boxorama, layout_loops_ring, basic_ecumenical_altar
D:2:      layout_basic, serial_shops, nicolae_shop_advertising_works
          [nicolae_subvault_shop_adworks], uniq_crazy_yiuf_cottage,
          uniq_terence, uniq_jessica
D:3:      layout_loops_corners, amcnicky_altar_gilded,
          mainiacjoe_overflow_24_doors, mainiacjoe_overflow_catwalk_spiral,
          uniq_natasha

Skill      XL: |  1  2  3 |
---------------+----------+-----
Axes           | 2 3 4 |  4.4
Fighting       | |  3.2
Armour         | |  3.2
Shields        | |  3.2

Action                     |  1- 3 |  4- 6 || total
---------------------------+-------+-------++-------
  Melee: War axe           |    71 |    38 ||   109
  Throw: Boomerang         |    47 |       ||    47
    Use: Scroll            |     3 |     1 ||     4
         Potion            |       |     3 ||     3
 Armour: Scale mail        |    48 |    27 ||    75
  Dodge: Dodged            |    26 |    14 ||    40
  Block: Buckler           |     8 |     8 ||    16

Table legend:
 A = Non-vault XP
 B = Vault XP
 C = Vault XP percentage of total XP
 D = Non-vault monster count
 E = Vault monster count
 F = Vault count percentage of total count
                 A         B        C        D         E       F
            +---------+---------+-------+---------+---------+-------
      Total |      79 |      73 |  48.0 |      42 |       2 |   4.5
            +---------+---------+-------+---------+---------+-------
        D:1 |      30 |       0 |   0.0 |      18 |       0 |   0.0
        D:2 |      46 |      73 |  61.3 |      23 |       2 |   8.0
        D:3 |       3 |       0 |   0.0 |       1 |       0 |   0.0
            +---------+---------+-------+---------+---------+-------
